 Dungeon Crawl Stone Soup version 0.22-a0-580-gd5db89c (webtiles) character file.

220 toffzen the Cutter (level 6, -2/39 HPs)
             Began as a Kobold Berserker on July 2, 2018.
             Was a Believer of Trog.
             Killed by divine providence
             ... invoked by an orc priest
              (14 damage)
             ... on level 4 of the Dungeon.
             The game lasted 00:06:19 (3352 turns).

toffzen the Cutter (Kobold Berserker)               Turns: 3352, Time: 00:06:21

Health: -2/39      AC: 10    Str: 16    XL:     6   Next: 18%
Magic:  6/6        EV: 11    Int:  8    God:    Trog [**....]
Gold:   211        SH:  0    Dex: 15    Spells: 5/5 levels left

rFire    . . .     SeeInvis .   a - +0 short sword
rCold    . . .     Gourm    .   (shield restricted)
rNeg     . . .     Faith    .   n - +0 chain mail
rPois    .         Spirit   .   (no helmet)
rElec    .         Reflect  .   (no cloak)
rCorr    .         Harm     .   (no gloves)
MR       .....                  v - +0 pair of boots
Stlth    ..........             (no amulet)
HPRegen  0.13/turn              (no ring)
MPRegen  0.10/turn              (no ring)

@: no status effects
A: small, carnivore
a: Berserk, Trog's Hand, Renounce Religion


You were on level 4 of the Dungeon.
You worshipped Trog.
Trog was pleased with you.
You were completely stuffed.

You visited 1 branch of the dungeon, and saw 4 of its levels.

You collected 211 gold pieces.

Inventory:

Hand Weapons
 a - a +0 short sword (weapon)
 s - a +0 blowgun
Missiles
 f - 200 stones (quivered)
 o - 25 sling bullets
 t - 30 poisoned needles
Armour
 n - a +0 chain mail (worn)
 v - a +0 pair of boots (worn)
Jewellery
 h - an uncursed ring of wizardry {unknown}
 l - an uncursed amulet of regeneration {unknown}
 w - an uncursed amulet of harm {unknown}
Wands
 y - a wand of iceblast (7)
Scrolls
 b - 2 scrolls of fear {unknown}
 d - 2 scrolls of random uselessness {unknown}
 i - a scroll of noise {unknown}
 j - 4 scrolls of identify {unknown}
 k - a scroll of fog {unknown}
 q - 3 scrolls of teleportation {unknown}
 u - a scroll of immolation {unknown}
 x - 2 scrolls of remove curse {unknown}
Potions
 e - 2 potions of brilliance {unknown}
 g - 2 potions of haste {unknown}
 m - 2 potions of might {unknown}
 r - a potion of magic {unknown}
Comestibles
 c - 3 rations


   Skills:
 + Level 4.5 Fighting
 + Level 5.4 Short Blades
 + Level 2.7 Armour
 + Level 4.1 Dodging


You had 5 spell levels left.
You didn't know any spells.
Your spell library was empty.

Dungeon Overview and Level Annotations

Branches:
Dungeon (4/15)
 Temple: D:4-7

Altars:
Cheibriados
Nemelex Xobeh
Okawaru

Annotations:
D:3 1 runed door, Hebeh's ghost, amateur MiFi


Innate Abilities, Weirdness & Mutations

You are small and have problems with some larger weapons.
You are carnivorous and can eat meat at any time.


Message History

The orc throws a stone.
The stone barely misses you.
An orc comes into view. It is wielding a whip. x2
The orc wizard shouts!
You see here a stone.
You see here a jackal corpse.
The orc throws a stone.
The stone hits you but does no damage.
There is a stone staircase leading up here.
You see here a stone.
You hit the orc but do no damage. The orc completely misses you.
The orc priest mumbles some strange prayers to Beogh against you.
Beogh smites you!
The orc wizard mumbles some strange words.
The orc wizard flickers and vanishes!
Deactivating autopickup; reactivate with Ctrl-A.
You hit the orc but do no damage. The orc closely misses you.
The orc priest calls down the wrath of Beogh upon you.
Beogh smites you!
The orc priest mumbles some strange prayers to Beogh against you.
Beogh smites you!
You die...

. .....#
#. .....
.o. #....
.... ...#
....o#o.#
....o.oo#
#o# #†#
#@# #.#
#.# ..#
###


You could see an orc priest, an orc wizard and 2 orcs.

Vanquished Creatures
  2 orc priests (D:3)
  An orc wizard (D:2)
  4 adders
  An ooze (D:2)
  3 dart slugs
  A leopard gecko (D:3)
  11 orcs
  4 giant cockroaches
  7 goblins
  4 hobgoblins
  4 jackals (D:4)
  4 quokkas
  7 bats
  4 frilled lizards
  12 kobolds
  3 rats
72 creatures vanquished.

Notes
Turn   | Place    | Note
-------+----------+-------------------------------------------
     0 | D:1      | toffzen the Kobold Berserker began the quest for the Orb.
     0 | D:1      | Reached XP level 1. HP: 14/14 MP: 1/1
   133 | D:1      | Found a sparkling altar of Nemelex Xobeh.
   192 | D:1      | Reached XP level 2. HP: 13/19 MP: 2/2
  1353 | D:2      | Reached XP level 3. HP: 24/24 MP: 3/3
  1354 | D:2      | Reached XP level 4. HP: 29/29 MP: 4/4
  1685 | D:2      | Found an iron altar of Okawaru.
  2022 | D:2      | Reached XP level 5. HP: 33/33 MP: 5/5
  2224 | D:3      | Reached ** piety under Trog
  2228 | D:3      | Reached skill level 5 in Short Blades
  2335 | D:3      | Found a runed door.
  2335 | D:3      | Noticed a bullfrog
  2348 | D:3      | Found a snail-covered altar of Cheibriados.
  2607 | D:3      | Found a faded altar of an unknown god.
  2688 | D:3      | Reached XP level 6. HP: 39/39 MP: 6/6
  3227 | D:3      | Noticed Hebeh's ghost (amateur MiFi)
  3352 | D:4      | Killed from afar by an orc priest

Vault maps used:
D:1:      evilmike_arrival_plus, nemelex_xobeh_ov_fountains_minmay
D:2:      okawaru_gym_becter, first_ration, kennysheep_generic_room_7
D:3:      cheibriados_altar_1, chequers_ecumenical_altar_island,
          ebering_ghost_sewer_d, minmay_item_behind_shaft
D:4:      lemuel_coloured_pillars_altar, uniq_pikel

Skill      XL: |  1  2  3  4  5 |
---------------+----------------+-----
Armour         | 2 |  2.7
Dodging        | 3 4 |  4.1
Fighting       | 4 |  4.5
Short Blades   | 5 |  5.4

Action                   |  1- 3 |  4- 6 || total
-------------------------+-------+-------++-------
Melee: Short sword       |    64 |   232 ||   296
Invok: Berserk           |     1 |     2 ||     3
       Trog's Hand       |       |     1 ||     1
  Eat: Chunk             |     8 |    11 ||    19
Armor: Animal skin       |    10 |       ||    10
       Chain mail        |    12 |    85 ||    97
Dodge: Dodged            |    37 |   110 ||   147

Table legend:
 A = Spawn XP
 B = Non-spawn XP
 C = Spawn XP percentage of total XP
 D = Spawn monster count
 E = Non-spawn monster count
 F = Spawn count percentage of total count
 G = Total turns spent on level
                    A         B        C        D         E        F      G
               +---------+---------+-------+---------+---------+-------+---------
         Total |       0 |     315 |   0.0 |       0 |      72 |   0.0 |  3352
               +---------+---------+-------+---------+---------+-------+---------
           D:1 |       0 |      20 |   0.0 |       0 |      11 |   0.0 |  1194
           D:2 |       0 |     123 |   0.0 |       0 |      28 |   0.0 |  1024
           D:3 |       0 |     164 |   0.0 |       0 |      29 |   0.0 |  1108
           D:4 |       0 |       8 |   0.0 |       0 |       4 |   0.0 |    26
               +---------+---------+-------+---------+---------+-------+---------
